 Dungeon Crawl Stone Soup version 0.31-a0-182-gc5ef74bbde (webtiles) character file.

Game seed: 1380313975737396267

1404 qw the Cleaver (level 8, 0/51 HPs)
             Began as a Gargoyle Fighter on June 20, 2023.
             Was a Follower of Okawaru.
             Slain by a black bear (4 damage)
             ... on level 6 of the Dungeon.
             The game lasted 00:02:08 (4209 turns).

qw the Cleaver (Gargoyle Fighter)                   Turns: 4209, Time: 00:02:09

Health: 0/51       AC: 19    Str: 21    XL:     8   Next: 69%
Magic:  8/10       EV:  9    Int: 10    God:    Okawaru [*.....]
Gold:   226        SH:  5    Dex:  9    Spells: 7/7 levels left

rFire   + . .        Y - +1 war axe
rCold   . . .        c - +0 buckler
rNeg    + . .        s - +0 chain mail
rPois   inf          (no helmet)
rElec   +            l - +1 cloak
rCorr   .            (no gloves)
SInv    .            (no boots)
Will    .....        (no amulet) Stlth
                     e - ring of protection from fire
HPRegen 0.28/turn    (no ring)
MPRegen 0.12/turn

%: no passive effects
@: heroic
A: sickness immunity, AC +5, negative energy resistance 1, electricity
resistance, torment resistance 1, petrification resistance
a: Renounce Religion, Heroism


You were on level 6 of the Dungeon.
You worshipped Okawaru.
Okawaru was aware of your devotion.
You visited 1 branch of the dungeon, and saw 7 of its levels.

You collected 226 gold pieces.


Innate Abilities, Weirdness & Mutations

You are immune to sickness and miasma.
Your stone body is resilient. (AC +5)
You are immune to poison.
You resist negative energy. (rN+)
You are resistant to electric shocks. (rElec)
You are resistant to unholy torment.
You are immune to petrification.


   Skills:
 - Level 6.2(11.2) Fighting
 - Level 8.1(13.1) Axes
 - Level 0.1(5.1) Throwing
 + Level 3.4(8.4) Armour
 - Level 1.0(6.0) Dodging
 - Level 3.2(8.2) Shields
 + Level 2.6 Invocations


You had 7 spell levels left.
You didn't know any spells.
Your spell library was empty.

Inventory:

Hand Weapons
 f - a +0 flail
 Y - a +1 war axe (weapon)
Armour
 c - a +0 buckler (worn)
 l - a +1 cloak (worn)
 s - a +0 chain mail (worn)
Jewellery
 e - a ring of protection from fire (left hand)
 t - the ring "Maigeeb" {Fire rPois rCorr}
   (You found it on level 5 of the Dungeon)

   [ring of fire]

   It enhances your fire magic.
   rF:        It protects you from fire.
   rC:        It makes you vulnerable to cold.
   rPois:     It protects you from poison.
   rCorr:     It protects you from acid and corrosion.
Scrolls
 a - a scroll of identify
Potions
 d - 3 potions of might
 h - a potion of magic
 i - a potion of curing
 j - a potion of cancellation
 k - a potion of lignification
 m - a potion of mutation
 n - a potion of attraction {unknown}
 o - a potion of brilliance {unknown}
 r - a potion of resistance {unknown}

Dungeon Overview and Level Annotations

Branches:
Dungeon (7/15)             Temple (0/1) D:4

Altars:
Dithmenos
Okawaru
Uskayaw

Annotations:
D:3 1 runed translucent door, qw's ghost, weakling GrFi
D:6 3 runed translucent doors, qw's ghost, novice NaHu


Message History

You hit the shadow imp but do no damage.
The shadow imp completely misses you.
You closely miss the shadow imp. The shadow imp barely misses you.
You barely miss the shadow imp.
The shadow imp shouts, "Turn tail, thou reeling-ripe onion-eyed ratsbane!"
The shadow imp closely misses you.
You slash the shadow imp!
You kill the shadow imp!
Okawaru accepts your kill.
You closely miss the orc. The orc hits you with a +0 hand axe.
You hit the orc.
The orc is moderately wounded.
The orc hits you but does no damage.
You hit the orc.
The orc is moderately wounded.
You block the orc's attack.
You hit the orc.
The orc is severely wounded.
You slash the orc!
You kill the orc!
Okawaru accepts your kill.
You barely miss the iguana.
The iguana bites you but does no damage.
You hit the iguana.
The iguana is lightly wounded.
The iguana bites you but does no damage.
You closely miss the iguana.
The iguana is lightly wounded.
The iguana barely misses you.
You slash the iguana!
The iguana is almost dead.
The iguana bites you but does no damage.
You slash the iguana!
You kill the iguana!
Okawaru accepts your kill.
You closely miss the black bear. The black bear bites you.
You die...

#.######..# [#
..# ..# ..# ###
# ##.## #
####...##.####.
+......h.......
##.#..@##.##...
##.## # ###


You could see a black bear.

Vanquished Creatures
  A water moccasin (D:6)
  An ice beast (D:6)
  2 black bears (D:5)
  2 orc warriors (D:6)
  A centaur (D:5)
  2 phantoms (D:4)
  A bullfrog (D:4)
  2 orc priests (D:5)
  A gnoll bouda (D:6)
  4 hounds (D:5)
  2 jellies (D:5)
  3 iguanas
  An orc wizard (D:6)
  A gnoll (D:5)
  7 adders
  A shadow imp (D:6)
  A white imp (D:6)
  An ufetubus (D:5)
  2 worms (D:2)
  2 dart slugs
  20 orcs
  5 endoplasms
  7 goblins
  2 hobgoblins (D:2)
  6 jackals
  4 kobolds
  2 quokkas
  2 ball pythons
  2 bats (D:3)
  3 frilled lizards
  5 rats
96 creatures vanquished.

Notes
Turn   | Place    | Note
-------+----------+-------------------------------------------
     0 | D:1      | qw the Gargoyle Fighter began the quest for the Orb.
     0 | D:1      | Reached XP level 1. HP: 14/14 MP: 1/1
     0 | D:1      | 0 ||| qw: Version: 0.3-a-9-g12657ce
     0 | D:1      | 0 ||| qw: Game counter: 1337
     0 | D:1      | 0 ||| qw: Always use a shield: true
     0 | D:1      | 0 ||| qw: God list: Okawaru
     0 | D:1      | 0 ||| qw: Allow faded altars: false
     0 | D:1      | 0 ||| qw: Do Orc after D:15 true
     0 | D:1      | 0 ||| qw: Do second Lair branch before Depths: true
     0 | D:1      | 0 ||| qw: Lair rune preference: random
     0 | D:1      | 0 ||| qw: Plans: Normal, Zot:1-4, Slime:5, God:TSO, Crypt,
                  | Tomb, Abyss, Pan, Hells, Win
     0 | D:1      | 0 ||| PLANNING D:1-11
    51 | D:1      | Reached skill level 2 in Axes
   179 | D:1      | Reached XP level 2. HP: 19/19 MP: 2/2
   419 | D:1      | 419 ||| READING 2 scrolls labelled GUETSO HEFI.
   420 | D:1      | 420 ||| READING 2 scrolls labelled FUCUME ZEDEXT.
   421 | D:1      | 421 ||| READING scroll labelled DINIZUFO TEFIOLI.
   422 | D:1      | 422 ||| READING scroll labelled LUPRAV ESCHITY.
   425 | D:1      | 425 ||| DROPPING scroll of vulnerability.
   622 | D:2      | 622 ||| Stepping ~*~*~tactically~*~*~ (hiding).
   634 | D:2      | Reached skill level 3 in Axes
   659 | D:2      | 659 ||| Stepping ~*~*~tactically~*~*~ (hiding).
   660 | D:2      | 660 ||| Stepping ~*~*~tactically~*~*~ (hiding).
   677 | D:2      | 677 ||| Stepping ~*~*~tactically~*~*~ (stealth).
   747 | D:2      | 747 ||| Stepping ~*~*~tactically~*~*~ (stealth).
   749 | D:2      | 749 ||| Stepping ~*~*~tactically~*~*~ (stealth).
   759 | D:2      | Reached XP level 3. HP: 19/23 MP: 3/3
   809 | D:2      | 809 ||| Stepping ~*~*~tactically~*~*~ (stealth).
  1151 | D:2      | 1151 ||| UPGRADING to ring of protection from fire.
  1152 | D:2      | 1152 ||| DROPPING ring of flight.
  1153 | D:2      | 1153 ||| READING 2 scrolls labelled LATACE OHYEPO.
  1154 | D:2      | 1154 ||| READING scroll labelled ZIRGHU OSOMYKY.
  1155 | D:2      | 1155 ||| DRINKING 2 cyan potions.
  1156 | D:2      | 1156 ||| DRINKING 2 bubbling purple potions.
  1157 | D:2      | 1157 ||| DROPPING potion of degeneration.
  1390 | D:3      | Found an iron altar of Okawaru.
  1391 | D:3      | 1391 ||| PLANNING OKAWARU WORSHIP
  1391 | D:3      | 1391 ||| READING 2 scrolls of identify.
  1391 | D:3      | 1391 ||| IDENTIFYING purple potion
  1408 | D:3      | Became a worshipper of Warmaster Okawaru
  1409 | D:3      | 1409 ||| PLANNING D:1-11
  1531 | D:3      | Found a runed translucent door.
  1533 | D:3      | Noticed a bullfrog
  1534 | D:3      | Noticed qw's ghost (weakling GrFi)
  1626 | D:3      | Reached XP level 4. HP: 28/28 MP: 4/4
  1805 | D:3      | 1805 ||| UPGRADING to +0 cloak.
  1810 | D:3      | 1810 ||| READING scroll of enchant armour.
  1810 | D:3      | 1810 ||| ENCHANTING +0 cloak.
  1943 | D:4      | Reached skill level 4 in Axes
  2007 | D:4      | Noticed a phantom
  2018 | D:4      | Killed a phantom
  2019 | D:4      | Reached XP level 5. HP: 32/32 MP: 5/5
  2032 | D:4      | 2032 ||| Stepping ~*~*~tactically~*~*~ (hiding).
  2215 | D:4      | Found a staircase to the Ecumenical Temple.
  2244 | D:4      | Noticed a phantom
  2255 | D:4      | Killed a phantom
  2255 | D:4      | Reached * piety under Okawaru
  2256 | D:4      | Reached skill level 5 in Axes
  2256 | D:4      | Reached XP level 6. HP: 37/37 MP: 6/6
  2332 | D:4      | Found a hide-covered altar of Uskayaw.
  2332 | D:4      | Noticed a +0 falchion
  2332 | D:4      | Noticed a +0 dagger
  2333 | D:4      | Noticed a +0 dagger
  2334 | D:4      | Noticed a +0 spear
  2334 | D:4      | Noticed a +0 short sword
  2335 | D:4      | Noticed a +0 falchion
  2335 | D:4      | Noticed a +0 short sword
  2336 | D:4      | Noticed a +0 spear
  2450 | D:4      | Reached skill level 1 in Invocations
  2490 | D:4      | 2490 ||| READING scroll labelled GIKAYRI WIAJ.
  2491 | D:4      | 2491 ||| DRINKING 2 amethyst potions.
  2595 | D:4      | 2595 ||| READING 3 scrolls of identify.
  2595 | D:4      | 2595 ||| IDENTIFYING fuming golden potion
  2596 | D:4      | 2596 ||| READING 2 scrolls of identify.
  2596 | D:4      | 2596 ||| IDENTIFYING bubbling cyan potion
  2597 | D:4      | 2597 ||| DROPPING potion of berserk rage.
  2649 | D:5      | Entered Level 5 of the Dungeon
  2734 | D:5      | 2734 ||| Stepping ~*~*~tactically~*~*~ (stealth).
  2749 | D:5      | 2749 ||| INVOKING Heroism.
  2757 | D:5      | Reached skill level 1 in Dodging
  2818 | D:5      | 2818 ||| DROPPING +0 whip.
  2913 | D:5      | 2913 ||| DROPPING +0 mace.
  2967 | D:5      | 2967 ||| INVOKING Heroism.
  2968 | D:5      | Noticed a black bear
  2976 | D:5      | Reached XP level 7. HP: 37/43 MP: 5/8
  2981 | D:5      | Reached skill level 6 in Axes
  2998 | D:5      | 2998 ||| Stepping ~*~*~tactically~*~*~ (stealth).
  2999 | D:5      | 2999 ||| Stepping ~*~*~tactically~*~*~ (stealth).
  3048 | D:5      | Found a shadowy altar of Dithmenos.
  3059 | D:5      | 3059 ||| INVOKING Heroism.
  3130 | D:5      | 3130 ||| INVOKING Heroism.
  3316 | D:5      | HP: 4/43 [centaur/arrow (11)]
  3317 | D:5      | 3317 ||| DRINKING potion of heal wounds.
  3322 | D:5      | Reached skill level 7 in Axes
  3326 | D:5      | 3326 ||| INVOKING Heroism.
  3331 | D:5      | Reached XP level 8. HP: 17/50 MP: 6/9
  3479 | D:5      | Identified the ring "Maigeeb" {Fire rPois rCorr}
  3646 | D:5      | 3646 ||| DROPPING +1 leather armour of cold resistance.
  3647 | D:5      | 3647 ||| UPGRADING to +0 chain mail.
  3657 | D:5      | 3657 ||| DROPPING +0 scale mail.
  3658 | D:5      | 3658 ||| READING scroll labelled EDEIN HEGE.
  3659 | D:5      | 3659 ||| READING 2 scrolls of identify.
  3659 | D:5      | 3659 ||| IDENTIFYING bubbling pink potion
  3686 | D:6      | Found a runed translucent gate.
  3687 | D:6      | Found a runed translucent gate.
  3687 | D:6      | Noticed qw's ghost (novice NaHu)
  3688 | D:6      | Found a runed translucent gate.
  3700 | D:6      | Noticed a manticore
  3784 | D:6      | 3784 ||| INVOKING Heroism.
  4054 | D:6      | 4054 ||| INVOKING Heroism.
  4063 | D:6      | Reached skill level 8 in Axes
  4122 | D:6      | You fall into a shaft and drop 1 floor!
  4153 | D:7      | 4153 ||| READING 2 scrolls of identify.
  4153 | D:7      | 4153 ||| IDENTIFYING silvery potion
  4164 | D:6      | 4164 ||| Stepping ~*~*~tactically~*~*~ (stealth).
  4175 | D:6      | 4175 ||| Stepping ~*~*~tactically~*~*~ (stealth).
  4190 | D:6      | HP: 3/51 [orc warrior/+0 dire flail (16)]
  4192 | D:6      | Reached skill level 6 in Fighting
  4192 | D:6      | 4192 ||| INVOKING Heroism.
  4199 | D:6      | HP: 1/51 [orc/+0 hand axe (2)]
  4209 | D:6      | Slain by a black bear

Levels and vault maps discovered:
D:1:      amcnicky_arrival_single_pillar, layout_rooms
D:2:      layout_loops_cross
D:3:      layout_basic, mainiacjoe_overflow_paths, ebering_ghost_sewer_d
D:4:      layout_gridville, nicolae_uskayaw_en_pointe, minmay_temple_entry_hall,
          serial_glass, glass_columns_b, glass_columns_a, glass_columns_a,
          glass_columns_b, glass_columns_c, glass_columns_a
D:5:      cheibrodos_iron_armory, layout_basic,
          nicolae_dithmenos_through_a_glass_darkly, minmay_checkerbox
D:6:      layout_loops_corners, gammafunk_ghost_split, chequers_garden,
          minmay_bent
D:7:      layout_basic, lemuel_crystal_altar, kennysheep_generic_room_11

Skill      XL: |  1  2  3  4  5  6  7  8 |
---------------+-------------------------+-----
Axes           | 2 3 4 5 7 8 |  8.1
Invocations    | 1 2 |  2.6
Fighting       | 4 5 6 |  6.2
Dodging        | 1 |  1.0
Throwing       | |  0.1
Armour         | |  3.4
Shields        | |  3.2

Action                     |  1- 3 |  4- 6 |  7- 9 || total
---------------------------+-------+-------+-------++-------
  Melee: War axe           |    83 |    79 |   143 ||   305
  Throw: Boomerang         |       |       |    17 ||    17
 Invoke: Heroism           |       |     2 |     6 ||     8
    Use: Scroll            |     7 |     4 |     3 ||    14
         Potion            |     2 |     1 |     1 ||     4
 Armour: Scale mail        |    34 |    34 |    53 ||   121
         Chain mail        |       |       |    42 ||    42
  Dodge: Dodged            |    31 |    40 |    62 ||   133
  Block: Buckler           |     9 |    11 |    27 ||    47

Table legend:
 A = Non-vault XP
 B = Vault XP
 C = Vault XP percentage of total XP
 D = Non-vault monster count
 E = Vault monster count
 F = Vault count percentage of total count
                 A         B        C        D         E       F
            +---------+---------+-------+---------+---------+-------
      Total |    1473 |     533 |  26.6 |      87 |       9 |   9.4
            +---------+---------+-------+---------+---------+-------
        D:1 |      23 |       0 |   0.0 |      12 |       0 |   0.0
        D:2 |      44 |       0 |   0.0 |      16 |       0 |   0.0
        D:3 |      17 |       0 |   0.0 |      11 |       0 |   0.0
        D:4 |     349 |       0 |   0.0 |       9 |       0 |   0.0
        D:5 |     585 |     299 |  33.8 |      27 |       4 |  12.9
        D:6 |     452 |     234 |  34.1 |      11 |       5 |  31.2
        D:7 |       3 |       0 |   0.0 |       1 |       0 |   0.0
            +---------+---------+-------+---------+---------+-------
